 Dungeon Crawl Stone Soup version 0.29.1-15-g9cfb28693d (webtiles) character file.

Game seed: 18087197470558336009

4746 GnoME the Grappler (level 10, -2/104 (106) HPs)
             Began as a Troll Berserker on May 2, 2023.
             Was an Elder of Trog.
             Slain by an enormous slime creature (54 damage)
             ... on level 7 of the Dungeon.
             The game lasted 00:17:35 (6578 turns).

GnoME the Grappler (Troll Berserker)                Turns: 6578, Time: 00:17:36

HP:   -2/104 (106)  AC:  4    Str: 31    XL:     10   Next: 23%
MP:   9/9           EV: 11    Int:  3    God:    Trog [****..]
Gold: 473           SH:  0    Dex:  9    Spells: 9/9 levels left

rFire   . . .      SeeInvis .     - Unarmed
rCold   . . .      Faith    .   (no shield)
rNeg    . . .      Spirit   .   b - +0 robe
rPois   .          Reflect  .   (helmet restricted)
rElec   .          Harm     .   (no cloak)
rCorr   .          Rampage  .   (gloves unavailable)
Will    +....                   (boots unavailable)
Stlth   +.........              (no amulet)
HPRegen 1.07/turn               C - ring of willpower
MPRegen 0.11/turn               (no ring)

@: lightly drained
A: large, unfitting armour, claws 3, regeneration 1, shaggy fur 1, tough skin 1
a: Renounce Religion, Berserk, Trog's Hand, Brothers in Arms


You were on level 7 of the Dungeon.
You worshipped Trog.
Trog was greatly pleased with you.
You visited 1 branch of the dungeon, and saw 7 of its levels.

You collected 473 gold pieces.

Inventory:

Hand Weapons
 p - a +0 sling
   (You found it on level 1 of the Dungeon)
 E - a +2 dagger of venom
   (You took it off an orc wizard on level 5 of the Dungeon)
 K - a +1 whip of freezing
   (You took it off Pikel on level 7 of the Dungeon)
Missiles
 l - 6 poisoned darts (quivered)
 o - 14 boomerangs
 r - 2 throwing nets {=f}
 u - 44 stones
 H - 3 curare-tipped darts
Armour
 a - a +0 animal skin
 b - a +0 robe (worn)
   (You found it on level 1 of the Dungeon)
Jewellery
 C - a ring of willpower (left claw)
   (You found it on level 4 of the Dungeon)
Wands
 y - a wand of flame (25)
   (You took it off Ijyb on level 4 of the Dungeon)
 A - a wand of paralysis (8)
   (You took it off a goblin on level 4 of the Dungeon)
 L - a wand of mindburst (21)
   (You took it off an orc on level 7 of the Dungeon)
Scrolls
 e - 3 scrolls of identify {unknown}
 f - 2 scrolls of magic mapping {unknown}
 g - 2 scrolls of butterflies {unknown}
 j - 3 scrolls of poison {unknown}
 m - 2 scrolls of enchant armour {unknown}
 n - a scroll of torment {unknown}
 q - 7 scrolls of teleportation {unknown}
 s - 4 scrolls of amnesia {unknown}
 t - 2 scrolls of noise {unknown}
 B - a scroll of vulnerability {unknown}
 J - 2 scrolls of fear {unknown}
Potions
 c - a potion of mutation {unknown}
 d - 4 potions of flight {unknown}
 h - 5 potions of curing {unknown}
 i - 2 potions of haste {unknown}
 k - 6 potions of lignification {unknown}
 v - 2 potions of attraction {unknown}
 w - a potion of ambrosia {unknown}
 x - a potion of berserk rage {unknown}
 z - 2 potions of invisibility {unknown}
 D - a potion of magic {unknown}
 F - 3 potions of cancellation {unknown}
 G - a potion of might {unknown}
 I - a potion of brilliance {unknown}


   Skills:
 * Level 8.4 Fighting
 + Level 6.1 Dodging
 * Level 10.1 Unarmed Combat


You had 9 spell levels left.
You didn't know any spells.
Your spell library was empty.

Dungeon Overview and Level Annotations

Branches:
Dungeon (7/15)             Temple (0/1) D:6

Altars:
Ashenzari
Kikubaaqudgha
Sif Muna
Vehumet
The Shining One

Shops:
D:4 [   D:5 (


Innate Abilities, Weirdness & Mutations

You are too large for most types of armour.
You have claws for hands.
Your natural rate of healing is unusually fast.
You are covered in fur. (AC +1)
You have tough skin. (AC +1)


Message History

A wight comes into view. It is wielding a +3 trident.
Found a pair of gloves.
A wight comes into view. It is wielding a +0 hand axe.
Found a faintly glowing great sword.
You scratch the wight but do no damage.
The wight hits you with a +4 short sword!
You take 8 damage, and have 96/104 hp.
You claw the wight!
The wight is almost destroyed.
The wight hits you with a +4 short sword.
You feel drained.
You take 5 damage, and have 91/103 hp.
You mangle the wight!!
You destroy the wight!
Trog accepts your kill.
Things that are here:
a +4 short sword; a +0 robe
There are monsters nearby!
Things that are here:
a +4 short sword; a +0 robe You closely miss the wight.
The wight barely misses you.
You scratch the wight but do no damage. The wight hits you with a +0 hand axe.
You barely miss the wight. You mangle the wight!!
You destroy the wight!
Trog accepts your kill. The wight closely misses you.
You scratch the wight but do no damage. You claw the wight.
The wight is moderately damaged.
The wight misses you. The wight hits you with a +3 mace!
You feel drained.
You take 20 damage, and have 79/100 hp.
You barely miss the wight.
The wight is moderately damaged.
You claw the wight!
You destroy the wight!
Trog accepts your kill.
The wight hits you from afar with a +3 trident.
The wight hits you with a +0 mace.
You take 4 damage, and have 76/101 hp.
A red film seems to cover your vision as you go berserk!
You feel yourself moving faster!
You feel mighty!
The wight hits you from afar with a +3 trident.
You feel drained. The wight barely misses you.
You now have 107/148 hp.
You mangle the wight!!
You destroy the wight!
Trog accepts your kill.
The wight hits you from afar with a +3 trident.
You feel drained.
You take 4 damage, and have 103/147 hp.
Things that are here:
a +3 mace; a +0 robe You barely miss the wight.
The wight hits you with a +3 trident!
You take 7 damage, and have 97/147 hp.
You mangle the wight!!
You destroy the wight!
Trog accepts your kill.
Your Unarmed Combat skill increases to level 10!
No target in view!
No target in view!
You start resting.
You feel a strong urge to attack something.
You start resting.
You are no longer berserk.
You are exhausted.
You feel yourself slow down.
You now have 67/99 hp.
You start resting.
HP restored.
Health restored: 99
Things that are here:
a +3 trident; a +0 robe You feel yourself speed up.
Things that are here:
a +3 trident; a +0 robe
Things that are here:
a +3 mace; a +0 robe
Things that are here:
a +4 short sword; a +0 robe You recover from your berserk rage.
A centaur comes into view.
The centaur shouts!
No reachable target in view!
The centaur wields a +0 shortbow.
The centaur shoots an arrow.
The arrow hits you!
You take 7 damage, and have 92/99 hp.
The centaur unwields a +0 shortbow.
The centaur hits you but does no damage.
The centaur barely misses you.
You mangle the centaur!!
You kill the centaur!
Trog accepts your kill.
No target in view!
No target in view!
Things that are here:
a +0 shortbow; a centaur corpse
u - 44 stones (gained 2) Health restored: 100
Things that are here:
a +0 shortbow; a centaur corpse You see here the +2 great sword of Insufficient Pleasure {antimagic, rC- rN+ rCorr}.
There is an open door here.
Things that are here:
a +0 short sword; a kobold corpse You see here a +0 dagger.
You see here a +0 short sword.
A kobold brigand and 2 kobolds come into view.
The kobold brigand is wielding a +0 dagger and quivering poisoned darts.
The kobold brigand shouts!
The kobold shouts! x2
A kobold comes into view. It is wielding a +0 dagger.
The kobold moves out of view.
The slime creature quivers. x3
The kobold shouts!
The kobold misses you. The kobold hits you but does no damage.
You mangle the kobold!!
You kill the kobold!
Trog accepts your kill. The kobold hits you with a +0 whip.
You take 2 damage, and have 98/100 hp.
You claw the slime creature! You claw the slime creature!!
The slime creature is heavily wounded.
The kobold hits you but does no damage. The slime creature hits you!
You take 10 damage, and have 88/100 hp.
You scratch the slime creature but do no damage.
The slime creature is heavily wounded.
You mangle the slime creature!!
The slime creature is almost dead.
The slime creature closely misses you.
You mangle the slime creature!!
You kill the slime creature!
Trog accepts your kill.
You regained 2 hp, and now have 92/104 hp.
You scratch the slime creature.
The slime creature is lightly wounded.
The slime creature hits you! The kobold hits you with a +0 dagger.
Two slime creatures merge to form a large slime creature.
You take 13 damage, and have 79/104 hp.
You barely miss the large slime creature.
The large slime creature is lightly wounded.
Two slime creatures merge to form a very large slime creature.
The kobold misses you.
Two slime creatures merge to form an enormous slime creature.
You regained 2 hp, and now have 84/104 hp.
The enormous slime creature attacks as you move away!
The enormous slime creature hits you!!!
You take 37 damage, and have 47/104 hp.
MASSIVE DAMAGE!!
The enormous slime creature attacks as you move away!
The enormous slime creature hits you!!!
Ouch! That really hurt!
You die...

#.# ~.# #####.## .P#
+......# ..#
######.# #.# #K# #.#
#K# #.# #.# ##'##
#######K#
#...######...)@J.#
##.........)#######
#...........#
##†.....)....##
.'.....)).....#
##.......)....######
#.................#
#.................#
#.................#


You could see an enormous slime creature and a kobold.

Vanquished Creatures
  Pikel (D:7)
  Joseph (D:7)
  A kobold demonologist (D:5)
  A slime creature (D:7)
  4 yaks (D:6)
  Sigmund (D:2)
  Menkaure (D:6)
  A water moccasin (D:5)
  2 sky beasts
  3 ice beasts
  2 ogres
  A centaur (D:7)
  2 phantoms (D:5)
  A necrophage (D:7)
  3 scorpions
  6 wights (D:7)
  4 killer bees (D:7)
  A howler monkey (D:5)
  A lava snake (D:7)
  6 hounds
  3 jellies
  2 gnoll boudas (D:4)
  2 orc priests (D:7)
  3 iguanas
  Ijyb (D:4)
  Natasha (thrice) (D:2)
  7 orc wizards
  A killer bee zombie (D:7)
  Robin (D:2)
  6 gnolls
  2 adders
  A shadow imp (D:5)
  2 white imps (D:7)
  An ufetubus (D:6)
  2 worms
  4 dart slugs
  14 orcs
  5 ball pythons
  2 endoplasms (D:1)
  A giant cockroach (D:1)
  14 goblins
  8 hobgoblins
  4 quokkas
  4 bats
  6 frilled lizards
  10 kobolds
  3 rats
155 creatures vanquished.

Vanquished Creatures (others)
  3 withered plants (D:7)
3 creatures vanquished.

Grand Total: 158 creatures vanquished

Notes
Turn   | Place    | Note
-------+----------+-------------------------------------------
     0 | D:1      | GnoME the Troll Berserker began the quest for the Orb.
     0 | D:1      | Reached XP level 1. HP: 22/22 MP: 0/0
   164 | D:1      | Found a faded altar of an unknown god.
   221 | D:1      | Reached XP level 2. HP: 29/29 MP: 1/1
   914 | D:2      | Reached XP level 3. HP: 36/36 MP: 2/2
   959 | D:2      | Reached ** piety under Trog
  1060 | D:2      | Noticed Natasha
  1066 | D:2      | Killed Natasha
  1150 | D:2      | Noticed Natasha
  1163 | D:2      | Killed Natasha
  1164 | D:2      | Reached XP level 4. HP: 34/45 MP: 3/3
  1320 | D:2      | Noticed Robin
  1342 | D:2      | Reached skill level 4 in Unarmed Combat
  1389 | D:2      | Killed Robin
  1528 | D:2      | Noticed Sigmund
  1544 | D:2      | Killed Sigmund
  1545 | D:2      | Reached XP level 5. HP: 54/54 MP: 4/4
  1638 | D:2      | Noticed Natasha
  1651 | D:2      | Killed Natasha
  1652 | D:2      | Reached XP level 6. HP: 58/62 MP: 5/5
  1863 | D:3      | Reached skill level 5 in Unarmed Combat
  2461 | D:4      | Found Xingiq's Antique Armour Shop.
  2695 | D:4      | Noticed Ijyb
  2727 | D:4      | Killed Ijyb
  3032 | D:4      | Reached *** piety under Trog
  3143 | D:5      | Entered Level 5 of the Dungeon
  3149 | D:5      | Reached XP level 7. HP: 65/71 MP: 6/6
  3344 | D:5      | Reached skill level 6 in Unarmed Combat
  3374 | D:5      | Noticed a kobold demonologist
  3426 | D:5      | Found Qiaf's Antique Weapon Emporium.
  3432 | D:5      | Reached skill level 5 in Fighting
  3617 | D:5      | Reached XP level 8. HP: 54/81 MP: 7/7
  3683 | D:5      | Killed a kobold demonologist
  3684 | D:5      | Reached skill level 7 in Unarmed Combat
  3760 | D:5      | Found a radiant altar of Vehumet.
  3780 | D:5      | Found an ancient bone altar of Kikubaaqudgha.
  3821 | D:5      | Found a shimmering blue altar of Sif Muna.
  3910 | D:5      | Found a broken altar of Ashenzari.
  3914 | D:5      | Saw a vision of the Swamp and the Spider Nest.
  3914 | D:5      | Noticed a ghost crab
  3914 | D:5      | Noticed a demonic crawler
  3914 | D:5      | Noticed a wolf spider
  3914 | D:5      | Noticed a culicivora
  3914 | D:5      | Noticed a fenstrider witch
  3914 | D:5      | Noticed a torpor snail
  3914 | D:5      | Noticed a demonic crawler
  3914 | D:5      | Noticed a pharaoh ant
  3914 | D:5      | Noticed a jumping spider
  3914 | D:5      | Noticed a radroach
  3914 | D:5      | Noticed a pharaoh ant
  3914 | D:5      | Noticed a spriggan rider
  3914 | D:5      | Noticed a jumping spider
  3914 | D:5      | Noticed a wolf spider
  3914 | D:5      | Noticed a spriggan druid
  3915 | D:5      | Noticed a wolf spider
  3916 | D:5      | Noticed an entropy weaver
  3916 | D:5      | Noticed a demonic crawler
  3916 | D:5      | Noticed a jumping spider
  3917 | D:5      | Noticed a spriggan rider
  3917 | D:5      | Noticed a demonic crawler
  4687 | D:6      | Found a staircase to the Ecumenical Temple.
  4701 | D:6      | Noticed Menkaure
  4710 | D:6      | Killed Menkaure
  4711 | D:6      | Reached skill level 8 in Unarmed Combat
  4839 | D:6      | Reached skill level 5 in Dodging
  4839 | D:6      | Reached XP level 9. HP: 65/92 MP: 8/8
  5312 | D:6      | Found a glowing golden altar of the Shining One.
  5839 | D:7      | Noticed Pikel
  5846 | D:7      | Killed Pikel
  5847 | D:7      | Reached skill level 9 in Unarmed Combat
  5915 | D:7      | Reached **** piety under Trog
  6277 | D:7      | Noticed Joseph
  6287 | D:7      | Killed Joseph
  6288 | D:7      | Reached XP level 10. HP: 104/104 MP: 9/9
  6443 | D:7      | Reached skill level 10 in Unarmed Combat
  6511 | D:7      | Identified the +2 great sword of Insufficient Pleasure
                  | {antimagic, rC- rN+ rCorr}
  6578 | D:7      | Slain by an enormous slime creature

Illustrated notes

Levels and vault maps discovered:
D:1:      lightli_arrival_flooded_house, layout_loops_ring,
          basic_ecumenical_altar, minmay_door_square, st_stairs_3,
          chequers_serial_rivers_small_b, minmay_nonomino_d4
D:2:      layout_basic, uniq_natasha, uniq_robin, uniq_sigmund
D:3:      layout_loops_ring
D:4:      layout_basic, serial_shops, shop, uniq_ijyb
D:5:      layout_basic, palyth_temple_overflow_mages, grunt_ashenzari_visionary
          [grunt_ashenzari_visionary_swamp, grunt_ashenzari_visionary_spider],
          serial_shops, nicolae_stop_n_shop_1, st_stairs_1, minivault_23
D:6:      layout_loops_cross, tso_oasis_becter, minmay_temple_entry_wispy,
          uniq_menkaure
D:7:      layout_basic, serial_undead, serial_undead_c, serial_undead_b,
          serial_undead_d, serial_undead_f, minmay_stone_trees_medium,
          nicolae_lava_and_water, minmay_puff, uniq_joseph, uniq_pikel

Skill      XL: |  1  2  3  4  5  6  7  8  9 10 |
---------------+-------------------------------+-----
Fighting       | 3 4 5 6 8 |  8.4
Unarmed Combat | 4 5 6 8 9 10 | 10.1
Dodging        | 3 4 5 6 |  6.1

Action                   |  1- 3 |  4- 6 |  7- 9 | 10-12 || total
-------------------------+-------+-------+-------+-------++-------
Melee: Unarmed           |    68 |   128 |   244 |    43 ||   483
       Punch             |     1 |       |     5 |     3 ||     9
Invok: Berserk           |     2 |     2 |     8 |     1 ||    13
       Trog's Hand       |       |       |     1 |       ||     1
 Stab: Sleeping          |     1 |     1 |       |       ||     2
Armor: Robe              |    11 |    32 |    36 |     6 ||    85
Dodge: Dodged            |    34 |    61 |    69 |    21 ||   185
